 Dungeon Crawl Stone Soup version 0.24.0-1-gfbc8707122 (webtiles) character file.

Game seed: 11761394597873758732, levelgen mode: deterministic

680172 Amplified the Ninja (level 27, 0/188 HPs)
             Began as a Halfling Fire Elementalist on Oct 26, 2019.
             Was a High Priest of Trog.
             Killed from afar by an orb of fire (12 damage)
             ... with a fireball
             ... on level 5 of the Realm of Zot.
             The game lasted 03:15:05 (75485 turns).

Amplified the Ninja (Halfling Fire Elementalist)   Turns: 75485, Time: 03:15:06

Health: 0/188      AC: 32    Str: 15    XL:     27
Magic:  25/25      EV: 25    Int: 14    God:    Trog [*****.]
Gold:   4558       SH: 18    Dex: 22    Spells: 26/29 levels left

rFire    + + +     SeeInvis .   R - +9 quick blade (elec)
rCold    + + .     Gourm    +   M - +1 shield of the Buccaneer {MP-9 Slay+5}
rNeg     + + .     Faith    .   a - +6 chain mail of Fuukim {rElec MR+ rCorr}
rPois    +         Spirit   .   q - +2 helmet {Int+3}
rElec    +         Reflect  .   x - +2 cloak {MR+}
rCorr    +         Harm     .   H - +1 pair of gloves
MR       ++++.     Rnd*Tele +   X - +1 pair of boots
Stlth    ++++++....             y - amulet "Ticyonas" {Gourm rF++}
HPRegen  0.41/turn              P - ring "Soiff" {+Inv rC+ rN++ MP+9 Stlth-}
MPRegen  0.19/turn              k - ring of protection from fire

@: resistant, lightly drained
A: small, deformed body, dopey 1, frail 1, mutation resistance 1, screaming 2,
teleportitis 1, subdued magic 1
}: 5/15 runes: decaying, serpentine, slimy, silver, abyssal
a: Berserk, Trog's Hand, Brothers in Arms, Renounce Religion, Evoke Invisibility


You were on level 5 of the Realm of Zot.
You worshipped Trog.
Trog was extremely pleased with you.
You were full.

You visited 11 branches of the dungeon, and saw 57 of its levels.
You visited the Abyss 1 time.
You visited 1 ziggurat, and saw 4 of its levels.
You also visited: Trove, Ice Cave and Desolation.

You collected 10011 gold pieces.
You spent 5453 gold pieces at shops.

Inventory:

Hand Weapons
 R - a +9 quick blade of electrocution (weapon)
 Z - a +7 antimagic quick blade
Armour
 a - the +6 chain mail of Fuukim (worn) {rElec MR+ rCorr}
   (You found it on level 3 of the Swamp)

   It insulates you from electricity.
   It affects your resistance to hostile enchantments.
   It provides partial protection from all sources of acid and corrosion.
 e - +6 gold dragon scales
 l - a +5 shield of fire resistance
 q - a +2 helmet of intelligence (worn)
 r - the +3 pair of boots of the Ditch-Digger {*Corrode rN+ Str+2}
   (You bought it in a shop on level 2 of the Orcish Mines)

   It affects your strength (+2).
   It protects you from negative energy.
   It may corrode you when you take damage.
 x - a +2 cloak of magic resistance (worn)
 D - the +6 fire dragon scales "Hiummele" {*Corrode rF++ rC- rN+ Int+7 Slay+2}
   (You took it off a vault warden on level 5 of the Vaults)

   It affects your intelligence (+7).
   It affects your accuracy and damage with ranged weapons and melee attacks
   (+2).
   It greatly protects you from fire.
   It makes you vulnerable to cold.
   It protects you from negative energy.
   It may corrode you when you take damage.
 E - the +2 troll leather armour of Meidatte {rC+ Regen+ Str+7 Dex-3}
   (You took it off a meliai on level 15 of the Dungeon)

   It affects your strength (+7).
   It affects your dexterity (-3).
   It protects you from cold.
   It increases your rate of regeneration.
 H - a +1 pair of gloves (worn)
 M - the +1 shield of the Buccaneer (worn) {MP-9 Slay+5}
   (You found it on level 5 of the Pits of Slime)

   It affects your accuracy and damage with ranged weapons and melee attacks
   (+5).
   It affects your magic capacity (-9).
 N - a +2 ring mail of positive energy
 X - a +1 pair of boots (worn)
Jewellery
 k - a ring of protection from fire (right hand)
 t - the amulet of the Priest {RegenMP rPois rC+ Str+4}
   (You found it in a treasure trove)

   [amulet of magic regeneration]

   It increases your magic regeneration.
   It affects your strength (+4).
   It protects you from cold.
   It protects you from poison.
 y - the amulet "Ticyonas" (around neck) {Gourm rF++}
   (You found it in a treasure trove)

   [amulet of the gourmand]

   It allows you to eat raw meat even when not hungry.
   It greatly protects you from fire.
 G - the amulet "Eplem" {Gourm rElec rN+ Dex+2}
   (You found it in a treasure trove)

   [amulet of the gourmand]

   It allows you to eat raw meat even when not hungry.
   It affects your dexterity (+2).
   It insulates you from electricity.
   It protects you from negative energy.
 I - the ring "Moemeys" {rN+ Str+4}
   (You found it on level 3 of the Crypt)

   [ring of positive energy]

   It affects your strength (+4).
   It protects you from negative energy.
 L - the amulet "Goruas" {Spirit rC+}
   (You found it on level 5 of the Pits of Slime)

   [amulet of guardian spirit]

   It causes incoming damage to be split between your health and magic.
   It protects you from cold.
 P - the ring "Soiff" (left hand) {+Inv rC+ rN++ MP+9 Stlth-}
   (You found it on level 2 of the Vaults)

   [ring of attention]

   It protects you from cold.
   It greatly protects you from negative energy.
   It affects your magic capacity (+9).
   It lets you turn invisible.
   It makes you less stealthy.
 S - the amulet of Moggunau {Gourm rC+ Int+4}
   (You found it in a treasure trove)

   [amulet of the gourmand]

   It allows you to eat raw meat even when not hungry.
   It affects your intelligence (+4).
   It protects you from cold.
 T - the ring "Ymnyd" {rElec rPois rN+ Str+2 Dex+3}
   (You found it on level 3 of the Crypt)

   [ring of positive energy]

   It affects your strength (+2).
   It affects your dexterity (+3).
   It insulates you from electricity.
   It protects you from poison.
   It protects you from negative energy.
 U - an uncursed ring of resist corrosion
 V - the ring "Owomesch" {MR- EV+4 Dex+4 SInv}
   (You found it in the Desolation of Salt)

   [ring of evasion]

   It affects your evasion (+4).
   It affects your dexterity (+4).
   It affects your resistance to hostile enchantments.
   It lets you see invisible.
Wands
 f - a wand of iceblast (7)
 W - a wand of acid (9)
Scrolls
 g - 5 scrolls of fear
 h - a scroll of brand weapon
 m - 2 scrolls of silence
 o - 17 scrolls of remove curse
 s - 7 scrolls of teleportation
 B - 6 scrolls of fog
Potions
 d - 2 potions of might
 i - 4 potions of mutation
 n - 7 potions of brilliance
 v - a potion of flight
 w - 14 potions of curing
 z - 6 potions of magic
 A - a potion of agility
 C - 3 potions of cancellation
Miscellaneous
 K - a phial of floods
Comestibles
 c - 80 rations


   Skills:
 * Level 22.6(22.4) Fighting
 - Level 11.5(11.3) Short Blades
 - Level 22.5(22.3) Armour
 - Level 20.9(20.7) Dodging
 O Level 27(26.7) Stealth
 - Level 21.1(20.9) Shields
 - Level 1.5(1.4) Spellcasting
 - Level 0.7(0.6) Conjurations
 - Level 3.1(3.0) Fire Magic


You had 26 spell levels left.
You knew the following spells:

 Your Spells              Type           Power        Failure   Level  Hunger
a - Flame Tongue          Conj/Fire      #....        47%         1    ##.....
b - Throw Flame           Conj/Fire      #.....       63%         2    ###....

Your spell library contained the following spells:

 Spells                   Type           Power        Failure   Level  Hunger
 Magic Dart               Conj           #...         67%         1    ##.....
 Shock                    Conj/Air       #...         71%         1    ##.....
 Sting                    Conj/Pois      #...         71%         1    ##.....
 Animate Skeleton         Necr           N/A          75%         1    ##.....
 Beastly Appendage        Tmut           #.....       75%         1    ##.....
 Confusing Touch          Hex            #.....       75%         1    ##.....
 Corona                   Hex            #......      75%         1    ##.....
 Freeze                   Ice            #...         75%         1    ##.....
 Sandblast                Erth           #.....       75%         1    ##.....
 Summon Butterflies       Summ           #.......     75%         1    ##.....
 Searing Ray              Conj           #.....       80%         2    ###....
 Throw Frost              Conj/Ice       #.....       83%         2    ###....
 Conjure Flame            Conj/Fire      #.......     86%         3    ####...
 Blink                    Tloc           N/A          87%         2    ###....
 Call Imp                 Summ           #.......     87%         2    ###....
 Corpse Rot               Necr           N/A          87%         2    ###....
 Ensorcelled Hibernation  Hex/Ice        #.....       87%         2    ###....
 Poisonous Vapours        Pois/Air       #.....       87%         2    ###....
 Shroud of Golubria       Chrm/Tloc      #.....       87%         2    ###....
 Slow                     Hex            #.......     87%         2    ###....
 Sticks to Snakes         Tmut           #.......     87%         2    ###....
 Sublimation of Blood     Necr           #.........   87%         2    ###....
 Swiftness                Chrm/Air       #.......     87%         2    ###....
 Inner Flame              Hex/Fire       #.......     89%         3    ####...
 Ignite Poison            Fire/Tmut/Pois #.......     93%         3    ####...
 Dazzling Spray           Conj/Hex       #.....       97%         3    ####...
 Static Discharge         Conj/Air       #.......     97%         3    ####...
 Stone Arrow              Conj/Erth      #.....       97%         3    ####...
 Confuse                  Hex            #.......     98%         3    ####...
 Gell's Gravitas          Tloc           #.........   98%         3    ####...
 Lesser Beckoning         Tloc           #.........   98%         3    ####...
 Mephitic Cloud           Conj/Pois/Air  #.......     98%         3    ####...
 Ozocubu's Armour         Chrm/Ice       #.......     98%         3    ####...
 Portal Projectile        Hex/Tloc       #.....       98%         3    ####...
 Recall                   Summ/Tloc      N/A          98%         3    ####...
 Spectral Weapon          Hex/Chrm       #.......     98%         3    ####...
 Spider Form              Tmut/Pois      #.........   98%         3    ####...
 Summon Guardian Golem    Hex/Summ       #.......     98%         3    ####...
 Tukima's Dance           Hex            #.......     98%         3    ####...
 Sticky Flame             Conj/Fire      #.......     99%         4    #####..
 Airstrike                Air            #.........   100%        4    #####..
 Cause Fear               Hex            #.........   100%        4    #####..
 Force Lance              Conj/Tloc      #.......     100%        4    #####..
 Fulminant Prism          Conj/Hex       #.........   100%        4    #####..
 Ice Form                 Ice/Tmut       #.......     100%        4    #####..
 Iskenderun's Mystic Bla  Conj           #.......     100%        4    #####..
 Leda's Liquefaction      Hex/Erth       #.........   100%        4    #####..
 Olgreb's Toxic Radiance  Pois           #.......     100%        4    #####..
 Petrify                  Tmut/Erth      #.......     100%        4    #####..
 Summon Ice Beast         Ice/Summ       #.......     100%        4    #####..
 Summon Lightning Spire   Summ/Air       #.......     100%        4    #####..
 Throw Icicle             Conj/Ice       #.......     100%        4    #####..
 Agony                    Necr           #.......     100%        5    ######.
 Alistair's Intoxication  Tmut/Pois      #.......     100%        5    ######.
 Aura of Abjuration       Summ           #.........   100%        5    ######.
 Blade Hands              Tmut           #.........   100%        5    ######.
 Bolt of Draining         Conj/Necr      #.........   100%        5    ######.
 Bolt of Magma            Conj/Fire/Erth #.........   100%        5    ######.
 Borgnjor's Vile Clutch   Necr/Erth      #.........   100%        5    ######.
 Excruciating Wounds      Chrm/Necr      #.........   100%        5    ######.
 Fireball                 Conj/Fire      #.........   100%        5    ######.
 Irradiate                Conj/Tmut      #.........   100%        5    ######.
 Iskenderun's Battlesphe  Conj/Chrm      #.......     100%        5    ######.
 Lightning Bolt           Conj/Air       #.........   100%        5    ######.
 Metabolic Englaciation   Hex/Ice        #.........   100%        5    ######.
 Silence                  Hex/Air        #.........   100%        5    ######.
 Summon Demon             Summ           #.........   100%        5    ######.
 Summon Forest            Summ/Tloc      #.........   100%        5    ######.
 Summon Mana Viper        Hex/Summ       #.......     100%        5    ######.
 Venom Bolt               Conj/Pois      #.........   100%        5    ######.
 Yara's Violent Unravell  Hex/Tmut       #.........   100%        5    ######.
 Bolt of Cold             Conj/Ice       #.........   100%        6    #######
 Bolt of Fire             Conj/Fire      #.........   100%        6    #######
 Darkness                 Hex            #.........   100%        6    #######
 Dispersal                Tloc           #.........   100%        6    #######
 Freezing Cloud           Conj/Ice/Air   #.........   100%        6    #######
 Hydra Form               Tmut           #.........   100%        6    #######
 Iron Shot                Conj/Erth      #.........   100%        6    #######
 Shadow Creatures         Summ           N/A          100%        6    #######
 Simulacrum               Ice/Necr       #.........   100%        6    #######
 Statue Form              Tmut/Erth      #........    100%        6    #######
 Dragon Form              Tmut           #.........   100%        7    #######
 Haunt                    Necr/Summ      #.........   100%        7    #######
 Malign Gateway           Summ/Tloc      #.........   100%        7    #######
 Orb of Destruction       Conj           #.........   100%        7    #######
 Ring of Flames           Chrm/Fire      #.........   100%        7    #######
 Spellforged Servitor     Conj/Summ      #.........   100%        7    #######
 Summon Hydra             Summ           #.........   100%        7    #######
 Borgnjor's Revivificati  Necr           #.........   100%        8    #######
 Controlled Blink         Tloc           N/A          100%        8    #######
 Death's Door             Chrm/Necr      #.........   100%        8    #######
 Disjunction              Tloc           #.........   100%        8    #######
 Ignition                 Fire           #.........   100%        8    #######
 Infestation              Necr           #.........   100%        8    #######
 Necromutation            Tmut/Necr      #.........   100%        8    #######
 Shatter                  Erth           #.........   100%        9    #######


Dungeon Overview and Level Annotations

Branches:
Dungeon (15/15)            Temple (0/1) D:7            Lair (6/6) D:11
  Swamp (4/4) Lair:3        Snake (4/4) Lair:4        Slime (5/5) Lair:6
    Orc (2/2) D:9             Elf (3/3) Orc:2        Vaults (5/5) D:13
  Crypt (3/3) Vaults:2       Tomb (0/3) Crypt:3      Depths (5/5) D:15
    Zot (5/5) Depths:5      IceCv (visited)         Desolation (visited)

Altars:
Ashenzari
Dithmenos
Elyvilon
Gozag
Kikubaaqudgha
Makhleb
Nemelex Xobeh
Ru
Trog
Uskayaw
Vehumet
Xom
Zin
The Shining One
Beogh
Jiyva

Shops:
D:8 !   D:9 ?   D:10 (   D:14 ?   Orc:1 *   Orc:2 [*}   Elf:1 %   Snake:3 }=}
Vaults:2 [   Vaults:3 [*   Vaults:4 !   Depths:1 (

Portals:
Hell: Lair:6 Depths:1 Depths:2 Depths:3 Depths:4 Depths:5
Abyss: Depths:2
Pandemonium: Depths:3

Annotations:
D:3 Antimagi and god
Lair:2 exclusion: oklob plant
Lair:3 exclusion: oklob plant
Vaults:2 Abyss, Slime, Resists, Clear.
Depths:2 5 runed translucent doors
Depths:4 Mennas
Zot:5 No teleporters please.


Innate Abilities, Weirdness & Mutations

You are small and have problems with some larger weapons.
You are somewhat resistant to further mutation.
Armour fits poorly on your strangely shaped body.
You are dopey. (Int -2)
You are frail. (-10% HP)
You sometimes yell uncontrollably at your foes.
You are occasionally teleported next to monsters.
Your spells are a little easier to cast, but a little less powerful.


Message History

The bolt of lightning misses the orb of fire.
The bolt of lightning hits you. You resist.
* * * LOW HITPOINT WARNING * * *
The bolt of lightning hits you! You resist.
* * * LOW HITPOINT WARNING * * *
The orb of fire emits a lurid red light.
The fireball explodes!
The fireball engulfs you! You resist.
* * * LOW HITPOINT WARNING * * *
The orb of fire glows yellow.
Strange energies course through your body.
Your connection to magic feels subdued.
As you read the scroll of fog, it crumbles to dust.
The scroll dissolves into smoke.
The orb of fire glows yellow.
Strange energies course through your body.
You feel a strong urge to yell.
Unknown command.
The orb of fire glows bright magenta.
The fireball explodes!
The fireball engulfs you! You resist.
You die...

##### ######...######..#
#...#### #.......⌠......<.#
#......#### #................#
#.<.......#####.#####...#######
................# #...#
#######....###### #...##
##^..###...###§########..#
..............§§§§§......#
##...#######...#@######..#
##### #...##§###....#
#######*##....########
##§#............
##L............ ##.#######...#
########*########▓▓▓
#........XX.....#
##.............# #


You could see an orb of fire.

Vanquished Creatures
  the Royal Jelly (Slime:5)
  2 ancient liches
  Sojobo (Crypt:2)
  Boris (Depths:4)
  the Lernaean hydra (Swamp:4)
  Frederick (Depths:3)
  A Killer Klown (Zig:3)
  Saint Roka (Elf:2)
  3 golden dragons
  Jory (Depths:3)
  Nikola (Snake:1)
  the Enchantress (Depths:4)
  4 bone dragons
  6 liches
  A Tzitzimitl (Depths:3)
  A Brimstone Fiend (Depths:2)
  An Ice Fiend (Depths:2)
  Rupert (D:12)
  12 tentacled monstrosities
  2 titans (Vaults:5)
  12 acid blobs
  2 deep elf blademasters (Abyss:4)
  4 quicksilver dragons
  7 Orb Guardians (Zot:5)
  Asterion (Depths:1)
  2 deep elf master archers (Elf:3)
  A death cob (Zot:2)
  2 Executioners (Abyss:2)
  5 shadow dragons
  5 ancient champions (Crypt:3)
  4 sphinxes
  4 storm dragons
  The ghost of Dittersdorf the Severer, an adept MiBe of Trog (Snake:1)
  3 thorn hunters
  The ghost of Adoajy the Bludgeoner, an adept DsWr of Ru (Vaults:2)
  A draconian monk (Zot:2)
  12 azure jellies
  4 tengu reavers
  Roxanne (D:14)
  10 nagarajas
  13 frost giants
  11 deep elf sorcerers
  2 orc warlords
  7 fire giants
  Aizul (Snake:3)
  9 vault wardens
  2 balrugs (Depths:2)
  Louise (Elf:3)
  2 curse skulls (Crypt:3)
  2 imperial myrmidons (Desolation)
  2 draconian scorchers
  6 deep elf elementalists
  A draconian knight (Zot:2)
  A draconian stormcaller (Zot:2)
  3 draconian shifters
  A draconian annihilator (Depths:5)
  A stone giant (shapeshifter) (D:15)
  2 angels (Elf:2)
  11 ironheart preservers
  A reaper (Crypt:3)
  5 entropy weavers
  10 ghouls
  A spriggan defender (Depths:4)
  An ophan (Abyss:2)
  19 stone giants
  27 very ugly things
  9 vampire knights
  4 black draconians
  A dire elephant (Abyss:4)
  3 green draconians
  A white draconian (Zot:3)
  Nessos (D:13)
  3 deep elf demonologists
  A lorocyproca (Depths:3)
  8 deep elf annihilators
  5 yellow draconians
  2 halazid warlocks (Desolation)
  4 red draconians
  A blizzard demon (Depths:2)
  6 purple draconians
  4 spark wasps
  4 eidola (Crypt:3)
  9 deep elf death magi
  9 ettins
  A quicksilver dragon zombie (Crypt:2)
  2 crystal guardians (Desolation)
  A merfolk impaler (Depths:1)
  10 jiangshi
  4 death oozes
  7 fire dragons
  Snorg (D:13)
  6 ragged hierophants (Desolation)
  Josephine (Lair:6)
  9 deep elf high priests
  23 yaktaur captains
  29 vault guards
  2 rakshasas
  26 hydras
  18 naga warriors
  13 ice dragons
  A hell beast (Lair:6)
  6 peacekeepers (Desolation)
  6 servants of whispers (Desolation)
  7 great orbs of eyes
  Harold (D:9)
  3 ghost crabs
  A shambling mangrove (Swamp:4)
  2 spriggan air magi (Depths:4)
  6 anacondas
  Erica (D:9)
  2 death knights
  15 ogre magi
  55 two-headed ogres
  An alligator (shapeshifter) (D:15)
  A death yak (Lair:3)
  2 catoblepae
  19 centaur warriors
  16 alligators
  13 deep troll shamans
  5 tengu warriors
  A queen ant (Lair:4)
  12 deep troll earth magi
  2 satyrs (Abyss:4)
  4 thrashing horrors
  27 dancing weapons
  7 shock serpents
  5 spriggan berserkers
  6 vampire magi
  6 sun demons
  2 soul eaters
  4 orc high priests
  A titan zombie (Depths:3)
  8 naga sharpshooters
  18 deep elf knights
  7 small abominations
  A storm dragon zombie (Depths:1)
  A fire crab (D:15)
  4 wretched stars (Abyss:2)
  5 shadow wraiths
  A golden dragon zombie (Crypt:1)
  8 salamander mystics
  A storm dragon skeleton (Crypt:3)
  2 spatial maelstroms (Abyss:2)
  22 skeletal warriors
  6 iron trolls
  An unseen horror (shapeshifter) (Vaults:4)
  12 large abominations
  A sixfirhy (Abyss:2)
  An anaconda zombie (Abyss:2)
  5 flayed ghosts
  2 spriggan druids
  37 deep trolls
  14 deep elf archers
  2 torturous demonspawn (Depths:3)
  5 unseen horrors
  13 swamp dragons
  8 glowing orange brains
  2 wolf spider zombies
  5 wizards
  21 ironbrand convokers
  20 orc knights
  8 naga ritualists
  4 harpies (Vaults:3)
  A harpy (shapeshifter) (Vaults:5)
  6 necromancers
  71 deep elf magi
  An orb spider (shapeshifter) (D:14)
  7 phantasmal warriors
  An oklob plant (Lair:2)
  6 mana vipers
  A shining eye (shapeshifter) (Zig:2)
  4 wolf spiders
  9 orc sorcerers
  A salamander (shapeshifter) (Vaults:5)
  3 manticores
  2 shining eyes
  7 cyclopes
  6 worldbinders
  32 ugly things
  A stone giant zombie (Depths:3)
  5 moths of wrath
  18 salamanders
  23 elephants
  23 naga magi
  2 eyes of devastation
  33 black mambas
  An apocalypse crab (Zig:3)
  14 guardian serpents
  A spriggan zombie (Depths:3)
  A guardian serpent (shapeshifter) (Vaults:4)
  15 vault sentinels
  2 gargoyles
  A torpor snail (Lair:3)
  A water nymph (shapeshifter) (Vaults:4)
  A shock serpent skeleton (Crypt:1)
  3 orange demons
  A death yak zombie (Crypt:2)
  2 spiny frogs (shapeshifter)
  11 spiny frogs
  2 storm dragon simulacra
  A torpor snail (shapeshifter) (Zig:2)
  A kobold demonologist (D:12)
  6 komodo dragons
  5 rime drakes
  A sea snake zombie (Crypt:3)
  An efreet (D:15)
  6 freezing wraiths
  6 starcursed masses (Abyss:2)
  7 ice devils
  A tormentor (Abyss:2)
  5 tengu conjurers
  3 ancient zymes
  4 trolls
  70 yaktaurs
  An elf skeleton (Depths:3)
  A demonic crawler (Abyss:2)
  A queen bee (shapeshifter) (Vaults:1)
  An iron troll skeleton (Crypt:2)
  2 jumping spiders
  A jumping spider (shapeshifter) (Elf:2)
  A meliai (shapeshifter) (Vaults:2)
  5 guardian mummies (Crypt:3)
  3 meliai
  48 saltlings (Desolation)
  2 tyrant leeches
  A wind drake (shapeshifter) (D:15)
  11 hornets
  16 blink frogs
  2 hydra skeletons (Crypt:3)
  Grinder (D:5)
  A polar bear (Lair:6)
  13 raiju
  A dream sheep (shapeshifter) (Abyss:2)
  2 bog bodies
  76 slime creatures
  12 hippogriffs
  An ice dragon zombie (Depths:1)
  8 dream sheep
  A guardian serpent skeleton (Crypt:1)
  A fire dragon skeleton (Crypt:2)
  A fire dragon zombie (Crypt:3)
  2 ynoxinuls (Abyss:2)
  3 air elementals
  6 flying skulls
  2 ice dragon skeletons
  2 redbacks (Vaults:3)
  3 spriggans (Swamp:1)
  3 shadows
  A tarantella (Vaults:3)
  31 yaks
  4 vampires
  13 wraiths
  3 fire elementals
  2 redbacks (shapeshifter) (Depths:2)
  10 water elementals
  A tarantella (shapeshifter) (Vaults:1)
  21 humans
  7 wyverns
  4 golden eyes
  6 basilisks
  A neqoxec (Abyss:2)
  A golden eye (shapeshifter) (Vaults:3)
  5 hungry ghosts
  A basilisk (shapeshifter) (Elf:2)
  A chaos spawn (Abyss:2)
  18 vampire mosquitoes
  73 nagas
  A spatial vortex (Abyss:2)
  15 swamp worms
  5 wargs
  2 deep troll zombies
  2 acid dragons
  9 soldier ants (Lair:4)
  15 water moccasins
  4 hell hounds
  A floating eye (Slime:4)
  A hydra simulacrum (Crypt:2)
  9 porcupines
  Duvessa (D:6)
  56 orc warriors
  2 merfolk skeletons
  A sky beast (shapeshifter) (Abyss:2)
  18 ice beasts
  5 black bears
  A hornet zombie (D:14)
  An ettin simulacrum (Crypt:1)
  7 swamp drakes
  A necrophage (Crypt:3)
  3 phantoms
  7 sky beasts
  7 eyes of draining
  34 ogres
  A swamp dragon zombie (Crypt:1)
  10 wolves
  2 snapping turtle skeletons
  8 boggarts
  28 centaurs
  11 crocodiles
  A hog zombie (Crypt:2)
  An elf zombie (Crypt:1)
  21 bullfrogs
  A gnoll sergeant (D:7)
  3 wyvern zombies
  A human simulacrum (Depths:1)
  6 scorpions
  Dowan (D:6)
  2 queen bee zombies
  8 killer bees
  6 wights
  2 electric eels
  5 howler monkeys
  6 crimson imps
  2 bullfrog zombies
  A centaur zombie (D:7)
  A quasit (Depths:3)
  An iron imp (Depths:3)
  10 jellies
  33 orc priests
  3 bullfrog skeletons
  55 orc wizards
  Crazy Yiuf (D:3)
  6 hounds
  3 centaur skeletons
  2 black bear skeletons
  9 iguanas
  A yak simulacrum (Lair:5)
  17 worker ants
  4 polar bear simulacra (Lair:5)
  4 wolf simulacra (Lair:5)
  An acid dragon zombie (Crypt:3)
  A deep dwarf zombie (Crypt:2)
  A felid zombie (Crypt:1)
  A hound zombie (D:10)
  A hound skeleton (D:4)
  7 mummies (Crypt:3)
  5 gnolls (D:7)
  A howler monkey skeleton (D:9)
  A swamp drake zombie (Crypt:1)
  11 adders
  7 shadow imps
  3 white imps
  2 ufetubi
  4 oozes
  An adder zombie (D:10)
  An iguana skeleton (Crypt:1)
  2 worms
  A barachi zombie (Crypt:3)
  7 leopard geckos
  136 orcs
  5 giant cockroaches
  4 hobgoblins
  15 jackals
  6 quokkas
  6 bats
  5 frilled lizards
  3 goblins
  A goblin skeleton (Crypt:3)
  5 kobolds
  A leopard gecko skeleton (Crypt:3)
  A quokka skeleton (D:7)
  A quokka zombie (D:7)
  7 rats (D:1)
  2 river rat simulacra (Lair:5)
  A river rat skeleton (Crypt:2)
  A fungus (Lair:6)
2597 creatures vanquished.

Vanquished Creatures (collateral kills)
  An orb of fire (Zot:5)
  Vashnia (Snake:4)
  Xtahua (Depths:4)
  An Orb Guardian (Zot:5)
  A deep elf blademaster (Elf:3)
  An acid blob (Slime:5)
  A sphinx (D:14)
  Kirke (D:14)
  An azure jelly (Slime:5)
  A deep elf elementalist (Elf:3)
  2 spriggan defenders (Depths:4)
  A red draconian (Zot:5)
  A yaktaur captain (Depths:2)
  2 fire dragons (D:15)
  A hydra (D:15)
  An ogre mage (D:15)
  A deep elf knight (Elf:2)
  A manticore (D:14)
  A centaur skeleton (D:15)
  An orange demon (Lair:6)
  2 ice devils (Lair:6)
  A red devil (Lair:6)
  A hellwing (Lair:6)
  A hornet (D:15)
  A saltling (Desolation)
  5 slime creatures
  2 spriggans (Depths:4)
  2 hogs (D:14)
  A hell hound (Lair:6)
  An orc warrior (Elf:2)
  A boggart (Depths:1)
  4 wights (D:10)
  3 orc priests (Elf:2)
  3 iguanas
50 creatures vanquished.

Vanquished Creatures (others)
  A hellephant (Abyss:2)
  An electric golem (Zot:5)
  A hydra (Swamp:4)
  2 ogre magi
  A wizard (D:3)
  A naga mage (Snake:4)
  A shadow (D:15)
  4 humans (D:14)
  A naga (Snake:4)
  A blink frog zombie (Crypt:2)
  A crocodile (Lair:6)
  A centaur (Depths:1)
  A bullfrog (D:15)
  An orc wizard (Vaults:5)
  14 fungi
  9 plants
  2 starspawn tentacles (Abyss:4)
  2 toadstools (Depths:3)
45 creatures vanquished.

Grand Total: 2692 creatures vanquished

Notes
Turn   | Place    | Note
-------+----------+-------------------------------------------
     0 | D:1      | Amplified the Halfling Fire Elementalist began the quest
                  | for the Orb.
     0 | D:1      | Reached XP level 1. HP: 11/11 MP: 3/3
    90 | D:1      | Reached XP level 2. HP: 2/18 MP: 0/4
   370 | D:1      | Learned a level 2 spell: Throw Flame
   432 | D:1      | Reached skill level 1 in Fighting
   912 | D:1      | Reached XP level 3. HP: 20/23 MP: 1/5
  1335 | D:2      | Reached skill level 3 in Stealth
  1705 | D:2      | Reached skill level 1 in Short Blades
  2019 | D:3      | Found a bloodstained altar of Trog.
  2072 | D:2      | Reached XP level 4. HP: 21/29 MP: 0/6
  2210 | D:3      | Found a hide-covered altar of Uskayaw.
  2213 | D:3      | Found a bloodstained altar of Trog.
  2216 | D:3      | Found a shimmering altar of Xom.
  2230 | D:3      | Found a shadowy altar of Dithmenos.
  2256 | D:3      | You fall into a shaft and drop 1 floor!
  2899 | D:3      | Reached XP level 5. HP: 34/34 MP: 2/7
  2931 | D:3      | Noticed a wizard
  2937 | D:3      | Killed a wizard
  3034 | D:3      | Found a runed translucent door.
  3035 | D:3      | Noticed Crazy Yiuf
  3038 | D:3      | Gained mutation: Your system is resistant to poisons.
                  | (rPois) [potion of mutation]
  3038 | D:3      | Gained mutation: You are resistant to hostile enchantments.
                  | (MR+) [potion of mutation]
  3071 | D:3      | Killed Crazy Yiuf
  3071 | D:3      | Reached skill level 4 in Stealth
  3357 | D:3      | Became a worshipper of Trog the Wrathful
  3494 | D:4      | Reached XP level 6. HP: 40/41 MP: 8/8
  4033 | D:4      | Reached skill level 1 in Armour
  4244 | D:4      | Reached * piety under Trog
  4295 | D:5      | Entered Level 5 of the Dungeon
  4302 | D:5      | Noticed a phantom
  4346 | D:5      | Reached XP level 7. HP: 46/46 MP: 9/9
  4883 | D:5      | Noticed Grinder
  4964 | D:5      | Paralysed by Grinder for 6 turns
  5189 | D:4      | Reached skill level 5 in Short Blades
  5263 | D:6      | Reached XP level 8. HP: 54/54 MP: 10/10
  5918 | D:6      | Reached skill level 5 in Fighting
  5942 | D:6      | Noticed Duvessa
  5955 | D:6      | Noticed Dowan
  5966 | D:6      | Killed Dowan
  5977 | D:6      | Killed Duvessa
  6265 | D:7      | Reached ** piety under Trog
  6276 | D:7      | Reached skill level 5 in Armour
  6315 | D:7      | Found a staircase to the Ecumenical Temple.
  6379 | D:7      | Reached XP level 9. HP: 61/61 MP: 11/11
  6479 | D:7      | Found a radiant altar of Vehumet.
  6616 | D:7      | Found an opulent altar of Gozag.
  7085 | D:7      | Reached *** piety under Trog
  7786 | D:5      | Killed Grinder
  7879 | D:8      | Found Nubeniq's Distillery.
  7893 | D:8      | Reached XP level 10. HP: 69/69 MP: 12/12
  8055 | D:8      | Bought a potion of agility for 56 gold pieces
  8055 | D:8      | Bought a potion of curing for 42 gold pieces
  8055 | D:8      | Bought a potion of might for 56 gold pieces
  8055 | D:8      | Bought a potion of curing for 42 gold pieces
  8055 | D:8      | Bought a potion of curing for 42 gold pieces
  8055 | D:8      | Bought a potion of agility for 56 gold pieces
  8055 | D:8      | Bought a potion of might for 56 gold pieces
  8055 | D:8      | Bought a potion of magic for 112 gold pieces
  8153 | D:8      | Got a dazzling hand axe
  8621 | D:8      | Reached skill level 10 in Short Blades
  8826 | D:8      | Identified the +7 hand axe of the Ancient Planets {venom,
                  | MR+} (You found it on level 8 of the Dungeon)
  8870 | D:8      | Reached **** piety under Trog
  9193 | D:9      | Noticed Erica
  9617 | D:9      | Killed Erica
  9760 | D:9      | Found a staircase to the Orcish Mines.
  9853 | D:9      | Reached XP level 11. HP: 67/75 MP: 13/13
  9869 | D:9      | Noticed Harold
  9883 | D:9      | Killed Harold
  9977 | D:9      | Found Julop's Magic Scroll Shop.
  9990 | D:9      | Reached ***** piety under Trog
  9999 | D:9      | Bought a scroll of enchant weapon for 90 gold pieces
  9999 | D:9      | Bought a scroll of teleportation for 36 gold pieces
 10139 | D:9      | Found a roughly hewn altar of Beogh.
 10429 | D:10     | Entered Level 10 of the Dungeon
 10550 | D:10     | Found a sparkling altar of Nemelex Xobeh.
 10550 | D:10     | Found Byuhinniosh's Weapon Emporium.
 11137 | D:10     | Reached skill level 5 in Dodging
 11437 | D:10     | Noticed a deep elf mage
 11442 | D:10     | Killed a deep elf mage
 11533 | D:11     | Found a staircase to the Lair.
 11546 | D:11     | Found a white marble altar of Elyvilon.
 11697 | D:11     | Reached skill level 1 in Shields
 11950 | D:11     | Identified the ring of Xoitaol {rPois Int+3 Dex+7}
 12054 | D:11     | Noticed a two-headed ogre
 12072 | D:11     | Killed a two-headed ogre
 12072 | D:11     | Reached skill level 10 in Armour
 12072 | D:11     | Reached XP level 12. HP: 85/85 MP: 14/14
 12269 | D:11     | Reached skill level 5 in Shields
 12297 | D:11     | Noticed a two-headed ogre
 12334 | D:11     | Killed a two-headed ogre
 12574 | D:11     | Noticed an ice dragon
 12602 | D:11     | Killed an ice dragon
 12803 | D:12     | Noticed a four-headed hydra
 12817 | D:12     | Killed a four-headed hydra
 13243 | D:12     | Noticed Rupert
 13259 | D:12     | Paralysed by Rupert for 4 turns
 13260 | D:12     | Killed Rupert
 13260 | D:12     | Reached skill level 10 in Fighting
 13311 | D:12     | Reached XP level 13. HP: 67/92 MP: 15/15
 13890 | D:13     | Got a scorched falchion
 13891 | D:13     | Identified the cursed +1 falchion "Dragonslayer" {freeze,
                  | rPois rC+} (You found it on level 13 of the Dungeon)
 13911 | D:13     | Noticed a centaur warrior
 13928 | D:13     | Killed a centaur warrior
 13974 | D:13     | Found a frozen archway.
 14026 | IceCv    | Entered an ice cave
 14051 | IceCv    | Reached ****** piety under Trog
 14350 | IceCv    | Noticed an ice dragon
 14375 | IceCv    | Killed an ice dragon
 14419 | IceCv    | Noticed an ice dragon
 14443 | IceCv    | Killed an ice dragon
 14596 | IceCv    | Received a gift from Trog
 14863 | D:13     | Noticed Nessos
 14903 | D:13     | Killed Nessos
 14912 | D:13     | Noticed Snorg
 14938 | D:13     | Killed Snorg
 15143 | Lair:1   | Entered Level 1 of the Lair of Beasts
 15169 | Lair:1   | Found a burning altar of Makhleb.
 16226 | Lair:2   | Reached skill level 10 in Dodging
 16387 | Lair:2   | Found a sacrificial altar of Ru.
 17123 | Lair:3   | Identified the Volume of Enthralling Creation
 17128 | Lair:3   | Noticed a five-headed hydra
 17138 | Lair:3   | Killed a five-headed hydra
 17138 | Lair:3   | Reached XP level 14. HP: 101/101 MP: 16/16
 17941 | Lair:3   | Found a staircase to the Swamp.
 18090 | Lair:3   | Found the +3 giant club "Skullcrusher" {speed, Str+7}
 18412 | Lair:4   | You fall into a shaft and drop 2 floors!
 18412 | Lair:6   | Entered Level 6 of the Lair of Beasts
 18441 | Lair:6   | Noticed Josephine
 18468 | Lair:6   | Killed Josephine
 18537 | Lair:6   | Received a gift from Trog
 18544 | Lair:6   | Got an iridescent dagger {god gift}
 18545 | Lair:6   | Identified the +6 dagger "Roolatol" {protect, +Inv rElec
                  | rF- rC+++} (Trog gifted it to you on level 6 of the Lair of
                  | Beasts)
 19533 | Lair:6   | Found a staircase to the Slime Pits.
 20294 | Lair:6   | Reached XP level 15. HP: 109/109 MP: 17/17
 20312 | Lair:6   | Found a burning altar of Makhleb.
 20369 | Lair:6   | Received a gift from Trog
 20392 | Lair:6   | Found a gateway to Hell.
 21773 | Lair:4   | Identified the +10 trident of Huep {pierce, Fragile Str+3
                  | Stlth+} (You found it on level 4 of the Lair of Beasts)
 21817 | Lair:4   | Reached skill level 15 in Armour
 21817 | Lair:4   | Reached XP level 16. HP: 114/117 MP: 18/18
 21956 | Lair:4   | Received a gift from Trog
 22099 | Lair:4   | Found a staircase to the Snake Pit.
 23667 | Orc:1    | Entered Level 1 of the Orcish Mines
 23836 | Orc:2    | Entered Level 2 of the Orcish Mines
 24057 | Orc:2    | Reached skill level 5 in Stealth
 24271 | Orc:2    | Found a staircase to the Elven Halls.
 24454 | Orc:2    | Received a gift from Trog
 24860 | Orc:2    | Found Kipsuare's General Store.
 24860 | Orc:2    | Found Utwez's Food Shop.
 24860 | Orc:2    | Found Oziddi's Armour Boutique.
 24863 | Orc:2    | Found Nuthil's Food Shop.
 24866 | Orc:2    | Bought a scroll of identify for 28 gold pieces
 24869 | Orc:2    | Bought a ration for 65 gold pieces
 24869 | Orc:2    | Bought a ration for 65 gold pieces
 24869 | Orc:2    | Bought a ration for 65 gold pieces
 24869 | Orc:2    | Bought a ration for 65 gold pieces
 24869 | Orc:2    | Bought a ration for 65 gold pieces
 24869 | Orc:2    | Bought a ration for 65 gold pieces
 24869 | Orc:2    | Bought a ration for 65 gold pieces
 24869 | Orc:2    | Bought a ration for 65 gold pieces
 24869 | Orc:2    | Bought a ration for 65 gold pieces
 24870 | Orc:2    | Bought a ration for 65 gold pieces
 24870 | Orc:2    | Bought a ration for 65 gold pieces
 24870 | Orc:2    | Bought a ration for 65 gold pieces
 24870 | Orc:2    | Bought a ration for 65 gold pieces
 24870 | Orc:2    | Bought a ration for 65 gold pieces
 24870 | Orc:2    | Bought a ration for 65 gold pieces
 24870 | Orc:2    | Bought a ration for 65 gold pieces
 24870 | Orc:2    | Bought a ration for 65 gold pieces
 24870 | Orc:2    | Bought a ration for 65 gold pieces
 24870 | Orc:2    | Bought a ration for 65 gold pieces
 24871 | Orc:2    | Bought a +2 helmet of intelligence for 322 gold pieces
 24883 | Orc:2    | Bought a ration for 70 gold pieces
 24883 | Orc:2    | Bought a ration for 70 gold pieces
 24883 | Orc:2    | Bought a ration for 70 gold pieces
 24931 | Orc:2    | Found Turgh's Gadget Boutique.
 25182 | D:14     | Reached XP level 17. HP: 123/123 MP: 19/19
 25202 | D:14     | You fall into a shaft and drop 1 floor!
 25202 | D:15     | Entered Level 15 of the Dungeon
 25280 | D:15     | Found a staircase to the Depths.
 25589 | D:14     | Reached skill level 6 in Stealth
 25827 | D:14     | Found Ycvith's Magic Scroll Boutique.
 25834 | D:14     | Bought 3 scrolls of magic mapping for 178 gold pieces
 25834 | D:14     | Bought a scroll of teleportation for 51 gold pieces
 25841 | D:14     | Noticed Kirke
 25858 | D:14     | Killed Kirke
 25912 | D:14     | Identified Roxanne's Collected Works on Shape Shifting
 25912 | D:14     | Noticed Roxanne
 26803 | D:15     | Reached skill level 7 in Stealth
 27088 | D:15     | Found a shattered altar of Ashenzari.
 27088 | D:15     | Found a shattered altar of Ashenzari.
 27089 | D:15     | Found a shimmering altar of Xom.
 27628 | D:15     | Identified the +2 troll leather armour of Meidatte {rC+
                  | Regen+ Str+7 Dex-3}
 27726 | D:15     | Reached skill level 8 in Stealth
 27848 | D:15     | Noticed a sphinx
 27869 | D:14     | Killed a sphinx
 28902 | D:15     | Received a gift from Trog
 28949 | D:15     | Reached skill level 9 in Stealth
 28949 | D:15     | Reached XP level 18. HP: 94/132 MP: 20/20
 29715 | Swamp:1  | Entered Level 1 of the Swamp
 30103 | Orc:1    | Found Sysanac's Assorted Antiques.
 30148 | Orc:1    | Bought a scroll of teleportation for 81 gold pieces
 30148 | Orc:1    | Bought a potion of curing for 81 gold pieces
 30148 | Orc:1    | Bought a jewelled gold wand for 108 gold pieces
 30148 | Orc:1    | Bought a lead wand for 108 gold pieces
 30379 | Elf:1    | Entered Level 1 of the Elven Halls
 30436 | Elf:1    | Found a radiant altar of Vehumet.
 30701 | Elf:1    | Found Cicugi's Food Boutique.
 30777 | Elf:1    | Reached skill level 15 in Dodging
 31200 | Elf:1    | Received a gift from Trog
 31245 | Elf:1    | Reached skill level 10 in Stealth
 31593 | Elf:1    | Identified the Tome of Attacks
 31630 | Elf:1    | Found a portal to a secret trove of treasure.
 31657 | Elf:2    | Found an ancient bone altar of Kikubaaqudgha.
 31769 | Elf:2    | Found a ruined gateway.
 31907 | Elf:2    | Found a white marble altar of Elyvilon.
 31907 | Elf:2    | Found a glowing silver altar of Zin.
 31907 | Elf:2    | Found a glowing golden altar of the Shining One.
 31970 | Desolati | Entered the Desolation of Salt
 32113 | Desolati | Reached skill level 15 in Fighting
 32150 | Desolati | Identified the Handbook of the Captivating Voyage
 32155 | Desolati | Identified the Collected Works on Flames and Earth
 32157 | Desolati | Identified the Compendium of Talismans and Calling
 32467 | Desolati | Reached skill level 11 in Stealth
 32648 | Desolati | Reached XP level 19. HP: 139/139 MP: 21/21
 32807 | Desolati | Got a scorched leather armour
 32809 | Desolati | Got a fine halberd
 32811 | Desolati | Got a slimy robe
 32812 | Desolati | Identified Ucuomeg's Grimoire of Creative Toxins
 32987 | Desolati | Received a gift from Trog
 33019 | Desolati | Got a slimy sapphire amulet
 33040 | Desolati | Got a vibrating lapis lazuli ring
 33369 | Elf:2    | Identified the cursed +1 leather armour of Freedom {Int+6
                  | SInv} (You found it in the Desolation of Salt)
 33380 | Elf:2    | Identified the +3 robe of Optimism {-Tele Int+3 Dex+7
                  | Stlth-} (You found it in the Desolation of Salt)
 33394 | Elf:2    | Identified the amulet "Veor" {RegenMP MR++} (You found it
                  | in the Desolation of Salt)
 33396 | Elf:2    | Identified the ring "Owomesch" {MR- EV+4 Dex+4 SInv} (You
                  | found it in the Desolation of Salt)
 33889 | Elf:2    | Found a huge runed translucent gate.
 33889 | Elf:2    | Found a huge runed translucent gate.
 33889 | Elf:2    | Found a huge runed translucent gate.
 33889 | Elf:2    | Found a huge runed translucent gate.
 33890 | Elf:2    | Found a huge runed translucent gate.
 33968 | Elf:3    | Entered Level 3 of the Elven Halls
 34140 | Elf:3    | Reached skill level 12 in Stealth
 34459 | Snake:1  | Entered Level 1 of the Snake Pit
 34658 | Snake:1  | Noticed Nikola
 34685 | Snake:1  | Killed Nikola
 34758 | Snake:1  | Found a transporter.
 34761 | Snake:1  | Found a transporter.
 34761 | Snake:1  | Noticed Dittersdorf's ghost (adept MiBe)
 35643 | Snake:2  | Received a gift from Trog
 36471 | Snake:3  | Reached XP level 20. HP: 147/147 MP: 22/22
 36604 | Snake:3  | Noticed Aizul
 36630 | Snake:3  | Killed Aizul
 36814 | Snake:3  | Received a gift from Trog
 37139 | Snake:3  | Found Jyjots's Gadget Boutique.
 37139 | Snake:3  | Found Sacydyof's Jewellery Shoppe.
 37140 | Snake:3  | Found Ludel's Gadget Boutique.
 37155 | Snake:3  | Bought a wand of digging (6) for 240 gold pieces
 37239 | Snake:4  | Entered Level 4 of the Snake Pit
 37262 | Snake:4  | Reached skill level 10 in Shields
 38027 | Snake:4  | Noticed Vashnia
 38379 | Snake:4  | Received a gift from Trog
 38878 | Snake:4  | Got a serpentine rune of Zot
 39064 | Snake:4  | Reached XP level 21. HP: 155/155 MP: 23/23
 39134 | Snake:4  | Killed Vashnia
 39758 | Swamp:1  | Received a gift from Trog
 40886 | Swamp:4  | Entered Level 4 of the Swamp
 41256 | Swamp:4  | Reached skill level 15 in Shields
 41322 | Swamp:4  | Noticed the 27-headed Lernaean hydra
 41338 | Swamp:4  | Killed the 26-headed Lernaean hydra
 41429 | Swamp:4  | Received a gift from Trog
 41554 | Swamp:4  | Got a decaying rune of Zot
 42195 | Swamp:3  | Identified the +6 chain mail of Fuukim {rElec MR+ rCorr}
                  | (You found it on level 3 of the Swamp)
 43228 | D:13     | Found a gate to the Vaults.
 43604 | Vaults:1 | Entered Level 1 of the Vaults
 43768 | Vaults:1 | Reached XP level 22. HP: 162/162 MP: 24/24
 43836 | Vaults:1 | Received a gift from Trog
 44536 | Vaults:1 | You fall into a shaft and drop 1 floor!
 45015 | Vaults:2 | Noticed an ancient lich
 45016 | Vaults:2 | Found a runed translucent gate.
 45016 | Vaults:2 | Found a runed translucent gate.
 45016 | Vaults:2 | Found a runed translucent gate.
 45016 | Vaults:2 | Found an ancient bone altar of Kikubaaqudgha.
 45016 | Vaults:2 | Noticed Adoajy's ghost (adept DsWr)
 45338 | Vaults:2 | Found a staircase to the Crypt.
 45419 | Vaults:2 | Received a gift from Trog
 45924 | Vaults:3 | Received a gift from Trog
 46097 | Vaults:3 | Reached XP level 23. HP: 167/167 MP: 25/25
 46258 | Vaults:3 | Found Xyidyfuh's Assorted Antiques.
 46267 | Vaults:3 | Bought a faintly humming helmet for 380 gold pieces
 46267 | Vaults:3 | Bought a scroll of blinking for 300 gold pieces
 46267 | Vaults:3 | Bought a scroll of fear for 140 gold pieces
 46267 | Vaults:3 | Bought a potion of might for 160 gold pieces
 46267 | Vaults:3 | Identified the +2 helmet of the Fiddle {rElec rC+++ Slay-6}
                  | (You bought it in a shop on level 3 of the Vaults)
 46698 | Vaults:3 | Found Hasale's Armour Shoppe.
 47516 | Vaults:4 | Received a gift from Trog
 47731 | Vaults:4 | Found a roughly hewn altar of Beogh.
 48019 | Vaults:4 | Reached skill level 13 in Stealth
 48238 | Vaults:4 | Received a gift from Trog
 48579 | Vaults:4 | Found Vushuav's Distillery.
 48589 | Vaults:4 | Bought 2 potions of might for 96 gold pieces
 48589 | Vaults:4 | Bought a potion of might for 48 gold pieces
 48589 | Vaults:4 | Bought a potion of cancellation for 96 gold pieces
 48589 | Vaults:4 | Bought a potion of flight for 36 gold pieces
 48589 | Vaults:4 | Bought a potion of invisibility for 96 gold pieces
 48589 | Vaults:4 | Bought a potion of might for 48 gold pieces
 48589 | Vaults:4 | Bought a potion of curing for 36 gold pieces
 48844 | Vaults:2 | Found Walebb's Antique Armour Shoppe.
 49249 | Orc:2    | Bought the +3 pair of boots of the Ditch-Digger {*Corrode
                  | rN+ Str+2} for 439 gold pieces
 49567 | Crypt:1  | Entered Level 1 of the Crypt
 49866 | Crypt:2  | Reached skill level 14 in Stealth
 50049 | Crypt:2  | Noticed Sojobo
 50083 | Crypt:3  | Entered Level 3 of the Crypt
 50200 | Crypt:3  | Received a gift from Trog
 50498 | Crypt:3  | Reached XP level 24. HP: 175/175 MP: 25/25
 50762 | Crypt:3  | Found a staircase to the Tomb.
 51634 | Crypt:3  | Reached skill level 15 in Stealth
 51738 | Crypt:3  | Noticed an ancient lich
 51943 | Crypt:3  | Killed an ancient lich
 52105 | Crypt:3  | Got a flickering golden ring
 52107 | Crypt:3  | Got a wavering brass ring
 52107 | Crypt:3  | Got a coiled lapis lazuli ring
 52119 | Crypt:3  | Identified the cursed ring of Yfusch {rElec rPois Str-5
                  | Stlth+} (You found it on level 3 of the Crypt)
 52121 | Crypt:3  | Identified the ring "Moemeys" {rN+ Str+4} (You found it on
                  | level 3 of the Crypt)
 52124 | Crypt:3  | Identified the ring "Ymnyd" {rElec rPois rN+ Str+2 Dex+3}
                  | (You found it on level 3 of the Crypt)
 52526 | Crypt:1  | Received a gift from Trog
 53368 | Crypt:2  | Reached skill level 16 in Stealth
 53562 | Crypt:2  | Killed Sojobo
 54228 | Elf:3    | Received a gift from Trog
 54573 | Elf:3    | Reached XP level 25. HP: 182/182 MP: 8/25
 54923 | Elf:3    | Reached skill level 17 in Stealth
 55005 | Elf:3    | Identified the +7 morningstar "Duggog" {crush, rElec MR+
                  | Int+3 Dex+2}
 55005 | Elf:3    | Identified the +0 leather armour "Qah Tuts" {Int+3}
 55005 | Elf:3    | Identified the ring of Rewu {rF+ MR+++ Str-5 Int+5 Dex-2}
 55077 | Elf:3    | Identified the cursed +1 dagger "Terulu" {speed, +Rage
                  | Dex+4}
 55112 | Elf:3    | Received a gift from Trog
 55176 | Elf:3    | Identified Zuunal's Guide on the Lucky Escort
 55229 | Elf:3    | Found the +12 glaive of Prune {chop}
 55231 | Elf:3    | Identified a scroll of acquirement
 55238 | Elf:3    | Identified the Handbook of Battle Magic
 55240 | Elf:3    | Identified the amulet of the Trout {Gourm Fragile rPois
                  | Int+3} (You found it on level 3 of the Elven Halls)
 55271 | Elf:3    | Identified the Handbook of the Mountains and Cold
 55346 | Elf:3    | Identified Huff's Handbook of Aerial Summoning
 55346 | Elf:3    | Identified the +10 morningstar "Puf Huhemeo" {protect,
                  | Fragile +Rage Dex+10 Stlth-}
 55346 | Elf:3    | Noticed Louise
 55398 | Elf:3    | Killed Louise
 55415 | Elf:3    | Got a scorched chain mail
 55427 | Elf:3    | Identified the +6 chain mail of Tomorrow {rF- MR+++ rCorr
                  | Int-2} (You found it on level 3 of the Elven Halls)
 55890 | Elf:2    | Noticed Saint Roka
 56141 | Elf:2    | Killed Saint Roka
 56761 | D:9      | Bought a scroll of identify for 24 gold pieces
 56761 | D:9      | Bought a scroll of enchant weapon for 90 gold pieces
 56761 | D:9      | Bought a scroll of holy word for 90 gold pieces
 56761 | D:9      | Bought a scroll of magic mapping for 42 gold pieces
 56761 | D:9      | Bought a scroll of magic mapping for 42 gold pieces
 56761 | D:9      | Bought a scroll of teleportation for 36 gold pieces
 56761 | D:9      | Bought a scroll of fog for 24 gold pieces
 57017 | Depths:1 | Entered Level 1 of the Depths
 57042 | Depths:1 | Received a gift from Trog
 57233 | Depths:1 | Reached skill level 18 in Stealth
 57282 | Depths:1 | Found Wybb's Antique Weapon Boutique.
 57581 | Depths:1 | Noticed Asterion
 57612 | Depths:1 | Killed Asterion
 58116 | Depths:3 | Found a gateway to a ziggurat.
 58118 | Depths:3 | Noticed Jory
 58141 | Depths:3 | Killed Jory
 58304 | Depths:3 | Reached XP level 26. HP: 152/191 MP: 25/25
 58513 | Depths:3 | Received a gift from Trog
 58813 | Depths:3 | Found a one-way gate leading to the halls of Pandemonium.
 58867 | Depths:3 | Reached skill level 19 in Stealth
 59472 | Depths:3 | Got a crude lajatang
 59473 | Depths:3 | Identified the +10 lajatang of Nauskoetto {drain, rPois
                  | Int+6} (You found it on level 3 of the Depths)
 59581 | Depths:3 | Noticed Frederick
 59589 | Depths:3 | Killed Frederick
 60092 | Depths:4 | Noticed the Enchantress
 60139 | Depths:4 | Killed the Enchantress
 60155 | Depths:4 | Noticed Xtahua
 60192 | Depths:4 | Received a gift from Trog
 60198 | Depths:4 | Killed Xtahua
 60304 | Depths:4 | Noticed Boris
 60315 | Depths:4 | Killed Boris
 60371 | Depths:4 | Noticed Mennas
 60529 | Depths:5 | Entered Level 5 of the Depths
 60596 | Depths:5 | Reached skill level 20 in Stealth
 61056 | Depths:5 | Reached XP level 27. HP: 200/200 MP: 25/25
 61642 | Depths:5 | Received a gift from Trog
 61724 | Depths:5 | Found a gate to the Realm of Zot.
 62621 | Depths:2 | Found a one-way gate to the infinite horrors of the Abyss.
 62727 | Depths:2 | Found a runed translucent door.
 62727 | Depths:2 | Found a runed translucent door.
 62729 | Depths:2 | Found a runed translucent door.
 62850 | Depths:2 | Reached skill level 21 in Stealth
 63195 | Depths:2 | Received a gift from Trog
 63451 | Depths:2 | Found a runed translucent gate.
 63452 | Depths:2 | Found a runed translucent gate.
 63453 | Depths:2 | Found a runed translucent gate.
 63458 | Depths:2 | Found the +2 Maxwell's thermic engine {flame, freeze}
 63458 | Depths:2 | Found a runed translucent gate.
 63458 | Depths:2 | Found a runed translucent gate.
 63458 | Depths:2 | Found a runed translucent gate.
 64336 | Vaults:5 | Entered Level 5 of the Vaults
 64504 | Vaults:5 | Identified the +3 halberd of Expedience {chop, Dex+2}
 64580 | Vaults:5 | Received a gift from Trog
 64679 | Vaults:5 | Reached skill level 22 in Stealth
 65547 | Vaults:5 | Received a gift from Trog
 66022 | Vaults:5 | Identified the +3 buckler "Kiudgha" {+Inv rPois rC- Regen+}
                  | (You found it on level 5 of the Vaults)
 66166 | Vaults:5 | Identified the +6 fire dragon scales "Hiummele" {*Corrode
                  | rF++ rC- rN+ Int+7 Slay+2}
 66349 | Vaults:5 | Reached skill level 23 in Stealth
 66673 | Vaults:5 | Got a silver rune of Zot
 67271 | Vaults:2 | Killed an ancient lich
 67284 | Vaults:2 | Killed Adoajy's ghost
 67290 | Vaults:2 | Identified the Grimoire of Summoning and the Frostbite
 67292 | Vaults:2 | Got a distressingly furry hat
 67298 | Vaults:2 | Identified Kikubaaqudgha's Disquisition on Sinister Secrets
 67311 | Vaults:2 | Identified the ring "Soiff" {+Inv rC+ rN++ MP+9 Stlth-}
                  | (You found it on level 2 of the Vaults)
 67325 | Vaults:2 | Identified the +3 leather armour of Ocoz {Int+3 Dex+2} (You
                  | found it on level 2 of the Vaults)
 67331 | Vaults:2 | Identified the cursed +0 hat "Hopp" {rElec SInv} (You found
                  | it on level 2 of the Vaults)
 67700 | Depths:2 | Voluntarily entered the Abyss.
 67827 | Abyss:2  | Found a corrupted altar of Lugonu.
 67842 | Abyss:2  | Found a corrupted altar of Lugonu.
 67979 | Abyss:2  | Received a gift from Trog
 68259 | Abyss:2  | Reached skill level 24 in Stealth
 68503 | Abyss:2  | Paralysed by accursed screaming for 1 turns
 68808 | Abyss:2  | Received a gift from Trog
 69176 | Abyss:4  | Got an abyssal rune of Zot
 69410 | Depths:2 | Escaped the Abyss
 69692 | Slime:1  | Entered Level 1 of the Pits of Slime
 70107 | Slime:3  | Reached skill level 25 in Stealth
 70415 | Slime:5  | Entered Level 5 of the Pits of Slime
 70679 | Slime:5  | Received a gift from Trog
 70850 | Slime:5  | Noticed the Royal Jelly
 71094 | Slime:5  | Found a viscous altar of Jiyva.
 71126 | Slime:5  | Reached skill level 26 in Stealth
 71356 | Slime:5  | Killed the Royal Jelly
 71454 | Slime:5  | Identified the cursed +1 plate armour of Spite {rN++} (You
                  | found it on level 5 of the Pits of Slime)
 71461 | Slime:5  | Identified the +1 shield of the Buccaneer {MP-9 Slay+5}
                  | (You found it on level 5 of the Pits of Slime)
 71465 | Slime:5  | Identified the +15 plate armour "Oseameip" {+Fly MR+} (You
                  | found it on level 5 of the Pits of Slime)
 71478 | Slime:5  | Got a vibrating golden ring
 71520 | Slime:5  | Got a bound steel amulet
 71542 | Slime:5  | Got a slimy rune of Zot
 71556 | Slime:5  | Identified the ring "Reen" {Str+3 Int+4 Stlth+} (You found
                  | it on level 5 of the Pits of Slime)
 71579 | Slime:5  | Identified the amulet "Goruas" {Spirit rC+} (You found it
                  | on level 5 of the Pits of Slime)
 72121 | D:14     | Killed Roxanne
 72424 | Snake:1  | Killed Dittersdorf's ghost
 72842 | Zig:1    | Entered Level 1 of a ziggurat
 72881 | Zig:2    | Entered Level 2 of a ziggurat
 72903 | Zig:2    | Gained mutation: You are weak. (Str -2) [a shining eye]
 72940 | Zig:2    | Lost mutation: Your system is resistant to poisons. (rPois)
                  | [potion of mutation]
 72940 | Zig:2    | Lost mutation: You are weak. (Str -2) [potion of mutation]
 72940 | Zig:2    | Lost mutation: You are resistant to hostile enchantments.
                  | (MR+) [potion of mutation]
 72940 | Zig:2    | Gained mutation: Armour fits poorly on your strangely
                  | shaped body. [potion of mutation]
 72940 | Zig:2    | Gained mutation: Your mind is acute. (Int +2) [potion of
                  | mutation]
 72941 | Zig:2    | Lost mutation: Armour fits poorly on your strangely shaped
                  | body. [potion of mutation]
 72941 | Zig:2    | Lost mutation: Your mind is acute. (Int +2) [potion of
                  | mutation]
 72943 | Zig:3    | Entered Level 3 of a ziggurat
 72946 | Zig:3    | Noticed a Killer Klown
 72953 | Zig:3    | Killed a Killer Klown
 72999 | Zig:4    | Entered Level 4 of a ziggurat
 73002 | Zig:4    | Noticed Osoplo the pandemonium lord
 73303 | Elf:1    | You paid a toll of a +7 demon blade to enter a treasure
                  | trove
 73304 | Trove    | Entered a treasure trove
 73322 | Trove    | Got a steaming pewter ring
 73324 | Trove    | Got a serpentine tin amulet
 73329 | Trove    | Got a scorched pewter amulet
 73332 | Trove    | Got a steaming jade ring
 73334 | Trove    | Got a clouded ruby amulet
 73336 | Trove    | Got an ancient pewter ring
 73343 | Trove    | Got a slimy silver amulet
 73345 | Trove    | Got a glittering lead ring
 73350 | Trove    | Got a faintly glowing lapis lazuli ring
 73411 | Elf:1    | Identified the cursed ring of the First Eyes {MR+ Str-5
                  | Dex+3} (You found it in a treasure trove)
 73415 | Elf:1    | Identified the ring "Sichom" {MR+ Str+4} (You found it in a
                  | treasure trove)
 73418 | Elf:1    | Identified the ring of Dodykk {Fire Str+6} (You found it in
                  | a treasure trove)
 73424 | Elf:1    | Identified the ring "Yhomog" {rElec rF+ MP+9 Slay-4} (You
                  | found it in a treasure trove)
 73427 | Elf:1    | Identified the ring "Maxkymup" {Str+3 Int+3} (You found it
                  | in a treasure trove)
 73439 | Elf:1    | Identified the amulet of the Priest {RegenMP rPois rC+
                  | Str+4} (You found it in a treasure trove)
 73441 | Elf:1    | Identified the amulet "Ticyonas" {Gourm rF++} (You found it
                  | in a treasure trove)
 73443 | Elf:1    | Identified the amulet "Eplem" {Gourm rElec rN+ Dex+2} (You
                  | found it in a treasure trove)
 73445 | Elf:1    | Identified the amulet of Moggunau {Gourm rC+ Int+4} (You
                  | found it in a treasure trove)
 73906 | Zot:1    | Entered Level 1 of the Realm of Zot
 74245 | Zot:2    | Reached skill level 27 in Stealth
 74702 | Zot:5    | Entered Level 5 of the Realm of Zot
 75412 | Zot:5    | Noticed an orb of fire
 75413 | Zot:5    | Noticed an orb of fire
 75435 | Zot:5    | Killed an orb of fire
 75440 | Zot:5    | Noticed an ancient lich
 75441 | Zot:5    | Noticed an ancient lich
 75441 | Zot:5    | Noticed an orb of fire
 75444 | Zot:5    | Gained mutation: Armour fits poorly on your strangely
                  | shaped body. [an orb of fire]
 75451 | Zot:5    | Gained mutation: You are frail. (-10% HP) [an orb of fire]
 75455 | Zot:5    | Gained mutation: You are occasionally teleported next to
                  | monsters. [an orb of fire]
 75459 | Zot:5    | Gained mutation: You are dopey. (Int -2) [an orb of fire]
 75479 | Zot:5    | Gained mutation: You occasionally shout uncontrollably at
                  | your foes. [an orb of fire]
 75483 | Zot:5    | Gained mutation: Your spells are a little easier to cast,
                  | but a little less powerful. [an orb of fire]
 75484 | Zot:5    | Gained mutation: You sometimes yell uncontrollably at your
                  | foes. [an orb of fire]
 75485 | Zot:5    | Killed from afar by an orb of fire

Levels and vault maps discovered:
D:1:      lemuel_arrival_lava_pool, layout_loops_cross, kennysheep_crisscross,
          minmay_pentomino_x4
D:2:      layout_basic, first_ration
D:3:      layout_loops_ring, grunt_temple_overflow_cloverleaf,
          corexii_corridor_pit, trog_wizard, uniq_crazy_yiuf_cottage
D:4:      layout_gridville
D:5:      layout_cave_pods, uniq_grinder
D:6:      layout_gridville, minmay_misc_feat_enclosed, minmay_misc_feat_room,
          uniq_duvessa
D:7:      layout_gridville, lemuel_round_altar, grunt_gozag_breadcrumbs,
          temple_doors_e
D:8:      layout_loops_ring, serial_shops, nicolae_shop_crystal, grunt_pizzeria
D:9:      layout_small_grid, minmay_orc_entry_temple_small, serial_shops,
          nicolae_shop_window_shopping, uniq_erica, uniq_harold
D:10:     layout_long_grid, serial_shops, nicolae_shop_statue_plus,
          small_chamber_with_monster, nemelex_xobeh_ov_fountains_minmay
D:11:     dragon1_lemuel, layout_loops_ring, lair_entry_dummy, basic_altar,
          onia_ninara_cookie
D:12:     layout_loops_ring, corexii_leaking_fountain,
          kennysheep_generic_room_4, uniq_rupert
D:13:     layout_small_grid, grunt_vaults_entry_tiered,
          portal_ice_cave_entry_pillars_2, uniq_snorg, uniq_nessos
D:14:     layout_irregular_city, serial_shops, nicolae_shop_stone,
          serial_park_square3 [serial_park_minivault_5x5_4], uniq_kirke,
          uniq_roxanne
D:15:     hangedman_slaughterboxes
Lair:1:   layout_small_grid, basic_altar
Lair:2:   layout_cave_pods, lemuel_oklob_altar, infiniplex_staircase_pool
Lair:3:   layout_cave_pods, swamp_mist, minmay_shattered_shrine,
          minmay_lair_oklob_chamber
Lair:4:   wander_river, layout_cave_pods, guppyfry_snake_entry_island,
          minmay_another_anthill
Lair:5:   layout_regular_city, eino_house_with_fridge, serial_bayou_shore_a,
          lemuel_fruit_tree
Lair:6:   evil_forest, layout_gridlike, nicolae_slime_entry_slimehenge,
          uniq_josephine
Swamp:1:  layout_basic_swamp, nicolae_swamp_little_tower
Swamp:2:  layout_basic_swamp, evilmike_swamp_ruin_house_5, grunt_hermit_hut
Swamp:3:  layout_basic_swamp, hangedman_swamp_blocks
Swamp:4:  swamp_old_school, layout_basic_swamp
Snake:1:  layout_onion, gammafunk_ghost_arena, serial_bayou_shore_b, uniq_nikola
Snake:2:  layout_misc_corridors, grunt_megastairs_5
Snake:3:  layout_gridlike, hangedman_snake_corridor_split, minmay_shop_grove,
          uniq_aizul
Snake:4:  johnstein_snake_rune_scales, layout_cave_town
Slime:1:  layout_caves, cheibrodos_slime_lost_civilization_6
Slime:2:  layout_caves, uniq_dissolution
Slime:3:  layout_caves
Slime:4:  layout_caves, dissolution_awaits
Slime:5
Orc:1:    layout_caves, serial_shops, nicolae_shop_crystal
Orc:2:    st_orc_mages, layout_diamond_mine, serial_shops,
          nicolae_shop_behind_doors
Elf:1:    eino_elf_arrival_altar, layout_loops_cross, serial_shops,
          shop_fountains, nicolae_trove_entry_crystal, minmay_elf_annihilation
Elf:2:    layout_geoelf_diagonals, portal_desolation_entry_holy_temple,
          basic_altar, uniq_saint_roka
Elf:3:    minmay_elf_hall_spiked, layout_geoelf_castle, uniq_louise
Vaults:1: nicolae_vaults_network_square, nicolae_vaults_diagonal_hallway_6,
          ontoclasm_vaults_eye, v_pattern_5, nicolae_vaults_network_s,
          nicolae_vaults_big_angled_halls, nicolae_vaults_asterisk,
          nicolae_vaults_angled_halls, vaults_room_large_hall,
          ontoclasm_vaults_decontamination, v_misc_13, v_misc_3,
          nicolae_vaults_triangles, nicolae_vaults_circle_grid_b,
          grunt_vaults_hallway_long, layout_vaults_maze
Vaults:2: gammafunk_vaults_ghost_crypt, nicolae_vaults_network_quincunx
          [nicolae_vaults_network_quincunx_subvault,
          nicolae_vaults_network_quincunx_subvault,
          nicolae_vaults_network_quincunx_subvault,
          nicolae_vaults_network_quincunx_subvault,
          nicolae_vaults_network_quincunx_subvault], vaults_room_pool,
          nicolae_vaults_rhombus_5, minmay_crypt_entry_vampire_xt,
          v_alt_pattern_5, hangedman_vaults_unwind, v_rooms_4,
          nicolae_vaults_little_squares_6, ontoclasm_vaults_idyll,
          hangedman_vaults_slice, v_misc_26, ontoclasm_vaults_twist,
          layout_vaults_omnibox, serial_shops, shop_statue
Vaults:3: v_misc_27, hangedman_vaults_stream, vaults_standard_mumra_lines,
          nicolae_vaults_ninety_degrees, vaults_dpeg_ring, v_misc_13,
          ontoclasm_vaults_loading_screen, nicolae_vaults_diagonal_hallway_8,
          v_misc_5, vaults_dpeg_doors, nicolae_vaults_twisting_passages,
          vaults_room_pools, layout_vaults_ring, serial_shops, shop,
          nicolae_shop_waterfront
Vaults:4: v_pattern_4, hangedman_vaults_corner_blocks, hangedman_vaults_hat,
          grunt_vaults_twisty, v_misc_1, v_misc_28, vaults_room_octagon,
          nicolae_vaults_alarming, nicolae_vaults_gold_heap,
          vaults_dpeg_encased_lava, special_room_vaults [special_room_orc],
          layout_vaults_omnicross, serial_shops,
          nicolae_shop_temple_entry_statues_fountains
Vaults:5
Crypt:1:  layout_misc_corridors, grunt_crypt_arrival_split
Crypt:2:  layout_rooms, uniq_sojobo
Crypt:3:  david_glass_crypt, layout_gridlike, nicolae_tomb_entry_grand_gallery
Depths:1: layout_cave_pools, serial_shops, shop, hell_entry,
          chequers_serial_rivers_marsh, lemuel_nasty_fountain, uniq_asterion
Depths:2: minmay_the_grid_triangle_9x9_recursive_2_mashed
          [minmay_the_grid_triangle_9x9_prize_top_heavy,
          minmay_the_grid_triangle_9x9_fully_insulated_deathbox,
          minmay_the_grid_triangle_9x9_corrupted_corridor,
          minmay_the_grid_triangle_9x9_descending_squares], layout_cave_pools,
          abyss_entry, hell_entry, corexii_corridor_pit,
          brannock_guarded_unrand_thermic_engine
Depths:3: grunt_deathspiral_small, layout_honeycomb, enter_ziggurat_a,
          minmay_misc_feat_doors, hell_entry, grunt_pan_entry_zigzag,
          minmay_gold_behind_fungi, minmay_staircase_windowed_small, uniq_jory,
          uniq_frederick
Depths:4: minmay_stepped, layout_cave_pools, serial_sigils,
          serial_sigils_hangedman_snap, serial_sigils_hangedman_shear,
          serial_sigils_hangedman_stare, serial_sigils_hangedman_clutch,
          serial_sigils_hangedman_gut, serial_sigils_hangedman_writhe,
          abyss_entry, hell_entry, grunt_ministairs_6, uniq_enchantress,
          uniq_mennas, uniq_xtahua, uniq_boris
Depths:5: grunt_x_marks_the_spot, layout_cave_shapes, hell_entry,
          minmay_misc_feat_columns
Zot:1:    layout_misc_corridors
Zot:2:    layout_basic, st_large_dragon_hoard_1, grunt_megastairs_2
Zot:3:    kennysheep_oblong_rooms, layout_twisted_circle, lemuel_baited_zot_trap
Zot:4:    layout_gridville, gammafunk_ghost_crypt
Zot:5:    layout_misc_corridors

Skill      XL: |  1  2  3  4  5  6  7  8  9 10 11 12 13 14 15 16 17 18 19 20 21 22 23 24 25 26 27 |
---------------+----------------------------------------------------------------------------------+-----
Fighting       | 1 2 3 4 5 6 7 9 10 11 12 13 14 15 16 17 18 19 22 | 22.6
Stealth        | 3 4 5 9 11 12 14 16 18 20 27 | 27.0
Short Blades   | 1 2 3 4 5 6 8 11 | 11.5
Armour         | 1 3 5 7 8 10 11 12 14 15 16 17 18 19 20 21 22 | 22.5
Dodging        | 3 5 7 10 12 13 14 15 16 17 18 19 20 | 20.9
Shields        | 4 6 8 13 17 20 21 | 21.1
Spellcasting   | |  1.5
Conjurations   | |  0.7
Fire Magic     | |  3.1

Action                   |  1- 3 |  4- 6 |  7- 9 | 10-12 | 13-15 | 16-18 | 19-21 | 22-24 | 25-27 || total
-------------------------+-------+-------+-------+-------+-------+-------+-------+-------+-------++-------
Melee: Unarmed           |     2 |       |       |       |       |       |       |       |       ||     2
       Short sword       |    73 |    46 |       |       |       |       |       |       |       ||   119
       Dagger            |       |   120 |   390 |   990 |  1788 |  2491 |       |       |       ||  5779
       Falchion          |       |       |       |       |   106 |       |       |       |       ||   106
       Scimitar          |       |       |       |       |    63 |       |       |       |       ||    63
       Quick blade       |       |       |       |       |       |   877 |  2545 |  3177 |  6823 || 13422
Throw: Dart              |    19 |    36 |    22 |       |    10 |     2 |       |     1 |     2 ||    92
       Throwing net      |       |       |       |       |       |       |       |       |     2 ||     2
 Cast: Flame Tongue      |    31 |     3 |       |       |       |       |       |       |       ||    34
Invok: Berserk           |       |       |    11 |    16 |    28 |    41 |    27 |    25 |    47 ||   195
       Trog's Hand       |       |       |       |     5 |     7 |    24 |    13 |    20 |    49 ||   118
       Brothers in Arms  |       |       |       |       |     1 |     9 |     3 |       |    11 ||    24
 Abil: Evoke Flight      |       |       |       |     1 |       |       |       |       |       ||     1
Evoke: Wand              |       |       |       |     8 |    12 |    23 |     5 |     5 |    13 ||    66
       Box of beasts     |       |       |       |     1 |       |     1 |       |       |       ||     2
       Phial of floods   |       |       |       |       |       |     1 |     1 |     1 |     4 ||     7
       Phantom mirror    |       |       |       |       |       |       |     1 |       |     3 ||     4
  Use: Scroll            |     4 |     7 |     5 |     8 |    18 |    23 |    17 |    15 |    50 ||   147
       Potion            |     3 |     5 |     3 |     3 |     2 |     9 |    11 |     1 |    36 ||    73
 Stab: Sleeping          |     4 |     3 |     7 |     7 |       |     3 |    43 |    53 |    39 ||   159
       Distracted        |       |     1 |       |     2 |     2 |     7 |     3 |     3 |    25 ||    43
       Confused          |       |       |       |       |       |       |     1 |     6 |     2 ||     9
       Invisible         |       |       |       |       |       |       |    10 |     1 |       ||    11
       Held in net/web   |       |       |       |       |       |       |       |       |     2 ||     2
  Eat: Chunk             |     4 |     8 |    17 |    33 |    35 |    61 |    25 |    33 |    71 ||   287
       Ration            |       |       |     2 |     2 |     7 |     8 |    13 |    10 |    21 ||    63
Armor: Robe              |    15 |     8 |       |    43 |       |       |       |       |       ||    66
       Ring mail         |       |    30 |   100 |    28 |       |       |       |    38 |    63 ||   259
       Gold dragon scale |       |       |       |   143 |   726 |   935 |       |       |       ||  1804
       Troll leather arm |       |       |       |       |       |    17 |   124 |    97 |   181 ||   419
       Chain mail        |       |       |       |       |       |       |       |       |   143 ||   143
Dodge: Dodged            |    92 |    91 |   160 |   367 |   587 |  1066 |  1199 |   784 |  1686 ||  6032
Block: Buckler           |       |       |       |    99 |   486 |   610 |    45 |       |       ||  1240
       Shield            |       |       |       |       |       |       |   840 |  1184 |  2985 ||  5009
       Rpst.: Falchion   |       |       |       |       |     5 |       |       |       |       ||     5
       Scimitar          |       |       |       |       |     4 |       |       |       |       ||     4
